 Dungeon Crawl Stone Soup version 0.24-a0-252-g5076262 (webtiles) character file.

Game seed: 5190568090411344660

72 Hasart the Cutter (level 4, 0/27 HPs)
             Began as a Kobold Gladiator on Apr 17, 2019.
             Slain by Sigmund
             ... wielding a +1 vampiric scythe
              (6 damage)
             ... on level 2 of the Dungeon.
             The game lasted 00:03:21 (1916 turns).

Hasart the Cutter (Kobold Gladiator)                Turns: 1916, Time: 00:03:21

Health: 0/27       AC:  4    Str: 12    XL:     4   Next: 48%
Magic:  4/4        EV: 17    Int:  9    God:
Gold:   42         SH:  0    Dex: 16    Spells: 3/3 levels left

rFire    . . .     SeeInvis .   a - +0 rapier
rCold    . . .     Gourm    .   (shield restricted)
rNeg     . . .     Faith    .   b - +0 leather armour
rPois    .         Spirit   .   c - +0 helmet
rElec    .         Reflect  .   (no cloak)
rCorr    .         Harm     .   (no gloves)
MR       .....                  (no boots)
Stlth    +.........             (no amulet)
HPRegen  0.09/turn              (no ring)
MPRegen  0.09/turn              (no ring)

@: no status effects
A: small, carnivore
a: no special abilities


You were on level 2 of the Dungeon.
You were very full.

You visited 1 branch of the dungeon, and saw 2 of its levels.

You collected 42 gold pieces.

Inventory:

Hand Weapons
 a - a +0 rapier (weapon)
Missiles
 d - 3 throwing nets (quivered)
Armour
 b - a +0 leather armour (worn)
 c - a +0 helmet (worn)
Scrolls
 g - 5 scrolls of identify {unknown}
 h - a scroll of enchant armour {unknown}
 i - a scroll of remove curse {unknown}
Comestibles
 f - 2 rations


   Skills:
 + Level 2.5 Fighting
 + Level 4.7 Short Blades
 + Level 2.3 Throwing
 + Level 1.2 Armour
 + Level 4.6 Dodging
 + Level 0.6 Stealth


You had 3 spell levels left.
You didn't know any spells.
Your spell library was empty.

Dungeon Overview and Level Annotations

Branches:
Dungeon (2/15)

Altars:

Annotations:
D:2 Sigmund


Innate Abilities, Weirdness & Mutations

You are small and have problems with some larger weapons.
You are carnivorous and can eat meat at any time.


Message History

The frilled lizard completely misses you.
The frilled lizard bites you. Sigmund casts a spell at you.
The puff of flame misses you.
The puff of flame hits the frilled lizard!
The frilled lizard dies!
Sigmund hits you from afar with a +1 vampiric scythe!
* * * LOW HITPOINT WARNING * * *
Sigmund completely misses you. Sigmund barely misses you.
Sigmund completely misses you.
You hit Sigmund.
Sigmund is lightly wounded.
You hit Sigmund.
Sigmund is moderately wounded.
Sigmund casts a spell.
Sigmund flickers and vanishes!
Deactivating autopickup; reactivate with Ctrl-A.
You hit something but do no damage. Something hits you.
You die...

#.##...... .....#
.#.... #.####
........ #.#
.#.#.. # #.#
.....#!# #.#
...... #.# # ....
# #.###
#####.###.####...
#. #...#
#.....{@.†.....#
.# ###.#
#.###.###.####..
. #.# # ##.÷# #.#
#. #...# #.# #.
#.#.# ###.######
#. #....
........... #.
#..### #
.##.#######
#.##... .#..#.
.##.# #....#.#.#
....!.


There were no monsters in sight!

Vanquished Creatures
  3 gnolls
  An adder (D:2)
  A worm (D:2)
  A leopard gecko (D:2)
  2 bats
  6 goblins
  8 jackals (D:2)
  2 frilled lizards (D:2)
  3 kobolds
  4 rats
31 creatures vanquished.

Vanquished Creatures (others)
  A frilled lizard (D:2)
1 creature vanquished.

Grand Total: 32 creatures vanquished

Notes
Turn   | Place    | Note
-------+----------+-------------------------------------------
     0 | D:1      | Hasart the Kobold Gladiator began the quest for the Orb.
     0 | D:1      | Reached XP level 1. HP: 12/12 MP: 1/1
   548 | D:1      | Reached XP level 2. HP: 17/17 MP: 2/2
   889 | D:1      | Reached XP level 3. HP: 15/22 MP: 3/3
  1377 | D:2      | Reached skill level 1 in Armour
  1434 | D:2      | Reached XP level 4. HP: 14/27 MP: 4/4
  1856 | D:2      | Noticed Sigmund
  1916 | D:2      | Slain by Sigmund

Levels and vault maps discovered:
D:1:      evilmike_arrival_hilbert_curve, layout_loops_corners
D:2:      layout_loops_ring, uniq_sigmund

Skill      XL: |  1  2  3 |
---------------+----------+-----
Dodging        | 4 |  4.6
Armour         | 1 |  1.2
Fighting       | |  2.5
Short Blades   | |  4.7
Throwing       | |  2.3
Stealth        | |  0.6

Action                   |  1- 3 |  4- 6 || total
-------------------------+-------+-------++-------
Melee: Rapier            |    67 |    45 ||   112
  Use: Potion            |       |     1 ||     1
 Stab: Sleeping          |     2 |     1 ||     3
  Eat: Chunk             |     4 |     7 ||    11
Armor: Leather armour    |    10 |     7 ||    17
       Skin              |       |    15 ||    15
Dodge: Dodged            |    63 |    49 ||   112

Table legend:
 A = Non-vault XP
 B = Vault XP
 C = Vault XP percentage of total XP
 D = Non-vault monster count
 E = Vault monster count
 F = Vault count percentage of total count
                 A         B        C        D         E       F
            +---------+---------+-------+---------+---------+-------
      Total |     103 |       0 |   0.0 |      31 |       0 |   0.0
            +---------+---------+-------+---------+---------+-------
        D:1 |      39 |       0 |   0.0 |      10 |       0 |   0.0
        D:2 |      64 |       0 |   0.0 |      21 |       0 |   0.0
            +---------+---------+-------+---------+---------+-------
